 Dungeon Crawl Stone Soup version 0.30.0-20-g3615ddf2f0 (webtiles) character file.

Game seed: 5109287365930121577

47 qw the Chopper (level 3, -2/23 HPs)
             Began as a Gargoyle Fighter on May 29, 2023.
             Slain by Natasha (8 damage)
             ... on level 2 of the Dungeon.
             The game lasted 00:00:36 (1020 turns).

qw the Chopper (Gargoyle Fighter)                   Turns: 1020, Time: 00:00:36

Health: -2/23      AC: 10    Str: 21    XL:     3   Next: 70%
Magic:  3/3        EV:  9    Int:  8    God:
Gold:   71         SH:  9    Dex:  9    Spells: 2/2 levels left

rFire   . . .        Y - +0 war axe
rCold   . . .        c - +0 buckler
rNeg    + . .        b - +0 scale mail
rPois   inf          (no helmet)
rElec   +            (no cloak)
rCorr   .            (no gloves)
SInv    .            (no boots)
Will    .....        h - amulet of reflection Stlth
                     (no ring)
HPRegen 0.23/turn    (no ring)
MPRegen 0.08/turn

%: reflection
@: no status effects
A: sickness immunity, AC +3, negative energy resistance 1, electricity
resistance, torment resistance 1, petrification resistance
a: no special abilities


You were on level 2 of the Dungeon.
You visited 1 branch of the dungeon, and saw 2 of its levels.

You collected 71 gold pieces.


Innate Abilities, Weirdness & Mutations

You are immune to sickness and miasma.
Your stone body is resilient. (AC +3)
You are immune to poison.
You resist negative energy. (rN+)
You are resistant to electric shocks. (rElec)
You are resistant to unholy torment.
You are immune to petrification.


   Skills:
 - Level 3.2 Fighting
 + Level 3.6 Axes
 - Level 3.2 Armour
 - Level 3.2 Shields


You had 2 spell levels left.
You didn't know any spells.
Your spell library was empty.

Inventory:

Hand Weapons
 e - a +0 club
 Y - a +0 war axe (weapon)
Armour
 b - a +0 scale mail (worn)
 c - a +0 buckler (worn)
 j - a +0 chain mail
Jewellery
 h - an amulet of reflection (around neck)
Scrolls
 a - a scroll of vulnerability {unknown}
 f - a scroll of magic mapping {unknown}
Potions
 d - a potion of might
 g - 2 potions of haste {unknown}
 i - a potion of berserk rage {unknown}

Dungeon Overview and Level Annotations

Branches:
Dungeon (2/15)

Altars:

Annotations:
D:2 Natasha


Message History

The jackal is severely wounded.
You hit the endoplasm. You block the jackal's attack.
You block the endoplasm's attack.
The jackal bites you but does no damage.
The endoplasm hits you but does no damage.
Natasha wildly gestures.
You feel disoriented.
You closely miss the jackal.
The jackal is severely wounded.
You hit the endoplasm but do no damage. The jackal barely misses you.
The cerulean imp hits you but does no damage.
The endoplasm freezes you.
You are frozen.
The jackal bites you but does no damage.
You closely miss the jackal.
The jackal is severely wounded.
You hit the endoplasm. The jackal barely misses you.
The cerulean imp hits you but does no damage.
The endoplasm hits you but does no damage.
The jackal completely misses you. The cerulean imp closely misses you.
You slash the jackal!
You kill the jackal!
You hit the endoplasm. You slash the worm! The endoplasm hits you.
The cerulean imp closely misses you. The worm barely misses you.
The endoplasm freezes you.
You are frozen.
You slash the endoplasm!
You kill the endoplasm!
You barely miss the worm. You hit the rat.
You kill the rat!
You block the cerulean imp's attack. The worm bites you!
You barely miss the worm.
The worm is moderately wounded.
You barely miss Natasha. You block Natasha's attack.
You block the cerulean imp's attack. Natasha claws you!
You die...

...... # .........
### #. ##.......#
..#
###.##.....#...
### ####...#
...#.... .#
#......# ..#....#
.# #......###..5#
.## #......##.wh#
.(###
#........#@#.#
#<%.###........#%#
......#........##.
.####.)......###
.# .# ###>.....#
#) .# #......# ##
.######'######
.#...........#
.#...........#


You could see a worm, Natasha and a cerulean imp (summoned).

Vanquished Creatures
  3 dart slugs
  6 ball pythons
  4 bats
  7 endoplasms
  7 goblins
  3 hobgoblins
  A jackal (D:2)
  A frilled lizard (D:1)
  4 rats
36 creatures vanquished.

Notes
Turn   | Place    | Note
-------+----------+-------------------------------------------
     0 | D:1      | qw the Gargoyle Fighter began the quest for the Orb.
     0 | D:1      | Reached XP level 1. HP: 14/14 MP: 1/1
     0 | D:1      | 0 ||| qw: Version: 0.2-a-101-gf424e7f
     0 | D:1      | 0 ||| qw: Game counter: 298
     0 | D:1      | 0 ||| qw: Always use a shield: true
     0 | D:1      | 0 ||| qw: God list: Okawaru
     0 | D:1      | 0 ||| qw: Allow faded altars: false
     0 | D:1      | 0 ||| qw: Do Orc after D:15 true
     0 | D:1      | 0 ||| qw: Do second Lair branch before Depths: true
     0 | D:1      | 0 ||| qw: Lair rune preference: random
     0 | D:1      | 0 ||| qw: Plans: Normal, Zot:1-4, Slime:5, God:TSO, Crypt,
                  | Tomb, Pan, Hells, Abyss, Win
     0 | D:1      | 0 ||| PLANNING D:1-11
   198 | D:1      | Found a faded altar of an unknown god.
   223 | D:1      | Reached XP level 2. HP: 19/19 MP: 2/2
   276 | D:1      | 276 ||| Stepping ~*~*~tactically~*~*~ (stealth).
   441 | D:1      | Reached skill level 3 in Axes
   475 | D:1      | Reached XP level 3. HP: 23/23 MP: 3/3
   635 | D:1      | 635 ||| UPGRADING to amulet of reflection.
   640 | D:1      | 640 ||| READING scroll labelled URCHEM QUOGONOEG.
   942 | D:2      | 942 ||| Stepping ~*~*~tactically~*~*~ (hiding).
   963 | D:2      | 963 ||| Stepping ~*~*~tactically~*~*~ (stealth).
  1012 | D:2      | Noticed Natasha
  1020 | D:2      | Slain by Natasha

Levels and vault maps discovered:
D:1:      dpeg_arrival_long_road, layout_basic, ebering_ecumenical_altar_rust,
          chequers_avenue, wander_ebering_terrifying_dragon_lair
D:2:      minmay_chambers_of_ones, layout_basic, minmay_increasing_density,
          uniq_natasha

Skill      XL: |  1  2 |
---------------+-------+-----
Axes           | 2 3 |  3.6
Fighting       | |  3.2
Armour         | |  3.2
Shields        | |  3.2

Action                     || total
---------------------------++-------
  Melee: War axe           ||    78
    Use: Scroll            ||     1
 Armour: Scale mail        ||    29
  Dodge: Dodged            ||    25
  Block: Buckler           ||    28

Table legend:
 A = Non-vault XP
 B = Vault XP
 C = Vault XP percentage of total XP
 D = Non-vault monster count
 E = Vault monster count
 F = Vault count percentage of total count
                 A         B        C        D         E       F
            +---------+---------+-------+---------+---------+-------
      Total |      61 |       7 |  10.3 |      32 |       4 |  11.1
            +---------+---------+-------+---------+---------+-------
        D:1 |      36 |       1 |   2.7 |      19 |       1 |   5.0
        D:2 |      25 |       6 |  19.4 |      13 |       3 |  18.8
            +---------+---------+-------+---------+---------+-------
